 Dungeon Crawl Stone Soup version 0.31.0-12-g77e489cdc1 (webtiles) character file.

Game seed: 6947437073304811450

3519 Rassilon the Trooper (level 10, -4/55 HPs)
             Began as a Vine Stalker Berserker on Feb 16, 2024.
             Was an Elder of Trog.
             Slain by a boulder beetle (24 damage)
             ... on level 7 of the Dungeon.
             The game lasted 00:26:36 (6250 turns).

Rassilon the Trooper (Vine Stalker Berserker)       Turns: 6250, Time: 00:26:36

Health: -4/55      AC: 15    Str: 30    XL:     10   Next: 8%
Magic:  0/11       EV: 10    Int: 10    God:    Trog [****..]
Gold:   467        SH:  8    Dex: 14    Spells: 9/9 levels left

rFire   . . .        i - +3 dagger (vamp)
rCold   . . .        b - +0 kite shield
rNeg    . . .        A - +0 chain mail
rPois   +            h - +0 helmet {Int+3}
rElec   .            (no cloak)
rCorr   .            o - +1 pair of gloves
SInv    .            y - +0 pair of boots
Will    +....        (no amulet) Stlth
                     p - +6 ring of strength
HPRegen 1.09/turn    m - ring of poison resistance
MPRegen 0.12/turn

%: guardian spirit
@: on berserk cooldown, slowed, very slow
A: fangs 3, regeneration 1, magic shield, antimagic bite, no potion heal 2
a: Renounce Religion, Berserk, Trog's Hand, Brothers in Arms


You were on level 7 of the Dungeon.
You worshipped Trog.
Trog was greatly pleased with you.
You visited 1 branch of the dungeon, and saw 7 of its levels.
You also visited: Sewer.

You collected 487 gold pieces.
You spent 20 gold pieces at shops.

Inventory:

Hand Weapons
 i - a +3 vampiric dagger (weapon)
Missiles
 d - 3 curare-tipped darts (quivered)
 w - a datura-tipped dart
Armour
 b - a +0 kite shield (worn)
 h - a +0 helmet of intelligence (worn)
 o - a +1 pair of gloves (worn)
 y - a +0 pair of boots (worn)
 A - a +0 chain mail (worn)
Jewellery
 m - a ring of poison resistance (right hand)
 p - a +6 ring of strength (left hand)
Wands
 s - a wand of flame (9)
Scrolls
 a - 2 scrolls of vulnerability
 c - 3 scrolls of identify
 e - 3 scrolls of revelation
 f - 2 scrolls of teleportation {unknown}
 j - 3 scrolls of noise {unknown}
 k - a scroll of immolation {unknown}
 l - a scroll of fog {unknown}
 u - a scroll of amnesia {unknown}
 x - a scroll of poison {unknown}
Potions
 g - a potion of ambrosia
 n - 3 potions of might
 q - a potion of mutation
 r - a potion of haste
 t - 2 potions of curing
 v - a potion of magic
 z - a potion of heal wounds {unknown}


   Skills:
 + Level 7.0 Fighting
 + Level 7.0 Short Blades
 + Level 6.0 Armour
 - Level 5.3 Dodging
 + Level 2.8 Shields


You had 9 spell levels left.
You didn't know any spells.
Your spell library was empty.

Dungeon Overview and Level Annotations

Branches:
Dungeon (7/15)             Temple (0/1) D:6           Sewer (visited)

Altars:
Ashenzari
Elyvilon
Ru
Sif Muna
Vehumet
Wu Jian
Zin
The Shining One

Shops:
D:4 **   D:5 (


Innate Abilities, Weirdness & Mutations

You have razor-sharp teeth.
Your natural rate of healing is unusually fast.
When hurt, damage is shared between your health and your magic reserves.
Your bite disrupts and absorbs the magic of your enemies.
Potions cannot restore your health.


Message History

The boulder beetle is almost dead.
The boulder beetle leaps!
There is an open door here.
You feel a strong urge to attack something.
The boulder beetle curls into a ball and begins rolling!
You are no longer berserk.
You are exhausted.
You feel yourself slow down.
You hit the boulder beetle but do no damage.
You bite the boulder beetle, but do no damage.
The boulder beetle is almost dead.
The boulder beetle hits you but does no damage.
The boulder beetle stops rolling and uncurls.
The boulder beetle completely misses you.
You hit the boulder beetle but do no damage.
You bite the boulder beetle, but do no damage.
The boulder beetle is almost dead.
The boulder beetle bites you but does no damage.
You hit the boulder beetle but do no damage.
The boulder beetle is almost dead.
The boulder beetle closely misses you.
You hit the boulder beetle but do no damage.
The boulder beetle is almost dead.
The boulder beetle bites you!
You completely miss the boulder beetle.
You bite the boulder beetle, but do no damage.
The boulder beetle is almost dead.
The boulder beetle leaps!
The boulder beetle bites you! The boulder beetle barely misses you.
You barely miss the boulder beetle.
You bite the boulder beetle, but do no damage.
The boulder beetle is severely wounded.
The boulder beetle leaps!
The boulder beetle curls into a ball and begins rolling!
The boulder beetle hits you!!
* * * LOW HITPOINT WARNING * * *
The boulder beetle stops rolling and uncurls.
The boulder beetle curls into a ball and begins rolling!
The boulder beetle hits you!!
You die...

#.###..#######.#
..# #..# #.# #.#
#..# ####.#
##...#># #....##
#.##.# #.....#
#.####
#.....###### # #
#...○.##...##
#....B#.....#
+..8..@.....#
#.....#.....#
#....(##...##
###+######## . .


You could see a boulder beetle (rolling).

Vanquished Creatures
  Pikel (D:7)
  A hornet (D:7)
  A water moccasin (D:6)
  Duvessa (D:4)
  An ice beast (D:6)
  2 sky beasts (D:7)
  An orc warrior (D:6)
  3 black bears
  3 centaurs
  2 lemures (D:7)
  2 phantoms
  2 brain worms (Sewer)
  A bullfrog (D:6)
  4 kobold brigands (Sewer)
  3 scorpions
  Dowan (D:4)
  5 killer bees (D:6)
  A howler monkey (D:6)
  A bombardier beetle (D:6)
  3 orc priests
  An iguana (D:7)
  A sleepcap (D:5)
  7 orc wizards
  14 adders
  4 river rats (Sewer)
  2 shadow imps (D:6)
  A white imp (D:7)
  2 dart slugs
  4 ribbon worms
  30 orcs
  12 ball pythons
  A bat (D:1)
  10 endoplasms
  3 giant cockroaches
  7 goblins
  6 hobgoblins
  7 jackals
  5 kobolds
  5 quokkas
  3 training dummies (D:5)
  3 frilled lizards
  8 rats
175 creatures vanquished.

Vanquished Creatures (others)
  An orc wizard (D:3)
1 creature vanquished.

Grand Total: 176 creatures vanquished

Notes
Turn   | Place    | Note
-------+----------+-------------------------------------------
     0 | D:1      | Rassilon the Vine Stalker Berserker began the quest for the
                  | Orb.
     0 | D:1      | Reached XP level 1. HP: 11/11 MP: 2/2
   114 | D:1      | Reached XP level 2. HP: 16/16 MP: 3/3
   413 | D:1      | Found a faded altar of an unknown god.
   773 | D:2      | Reached XP level 3. HP: 17/20 MP: 2/4
   940 | D:2      | Reached ** piety under Trog
  1063 | D:2      | Reached XP level 4. HP: 24/24 MP: 5/5
  1650 | D:3      | Reached XP level 5. HP: 17/28 MP: 1/6
  2076 | D:3      | Found a radiant altar of Vehumet.
  2215 | D:3      | Found a shimmering blue altar of Sif Muna.
  2419 | D:3      | Found a glowing silver altar of Zin.
  2420 | D:3      | Found a white marble altar of Elyvilon.
  2421 | D:3      | Found a glowing golden altar of the Shining One.
  2565 | D:4      | Reached XP level 6. HP: 33/33 MP: 1/7
  2688 | D:4      | Found a sacrificial altar of Ru.
  2843 | D:4      | Noticed Duvessa
  2843 | D:4      | Noticed Dowan
  2852 | D:4      | Killed Duvessa
  2856 | D:4      | Killed Dowan
  2891 | D:4      | Reached XP level 7. HP: 37/37 MP: 8/8
  2918 | D:4      | Found Yroschiykhle's Specific Store.
  2920 | D:4      | Found Vewyugih's General Store.
  2924 | D:4      | Bought a scroll of identify for 20 gold pieces
  2945 | D:4      | Found a broken altar of Ashenzari.
  3180 | D:5      | Entered Level 5 of the Dungeon
  3229 | D:5      | Found a glowing drain.
  3288 | Sewer    | Entered a sewer
  3455 | Sewer    | Reached *** piety under Trog
  3510 | Sewer    | Gained mutation: You have razor-sharp teeth. [Vine Stalker
                  | growth]
  3510 | Sewer    | Reached XP level 8. HP: 42/42 MP: 9/9
  3700 | Sewer    | Reached skill level 5 in Fighting
  3700 | Sewer    | Reached skill level 5 in Short Blades
  4387 | D:5      | Found Wuntiti's Firing Range.
  4834 | D:6      | Found a staircase to the Ecumenical Temple.
  4943 | D:6      | Found an ornate altar of the Wu Jian Council.
  5046 | D:6      | Reached XP level 9. HP: 48/48 MP: 10/10
  5050 | D:6      | Reached skill level 5 in Dodging
  5141 | D:6      | Reached skill level 5 in Armour
  5785 | D:7      | Noticed Pikel
  5819 | D:7      | Killed Pikel
  5820 | D:7      | Reached skill level 1 in Shields
  5972 | D:7      | Reached **** piety under Trog
  6009 | D:7      | Reached XP level 10. HP: 47/53 MP: 7/11
  6154 | D:7      | Noticed a boulder beetle
  6250 | D:7      | Slain by a boulder beetle

Illustrated notes

Levels and vault maps discovered:
D:1:      dpeg_arrival_chambers_temple_mockup, layout_rooms,
          shapermc_ecumenical_altar_mp_vishouse, kennysheep_flooded_box,
          minivault_5
D:2:      layout_loops_corners
D:3:      kennysheep_six_static_rooms, layout_loops_ring, good_gods_temple_1,
          nicolae_vehumet_radiance, hellmonk_sif_muna_bookshelves
D:4:      layout_cave_pools, mainiacjoe_overflow_paths, kennysheep_mini,
          nicolae_specific_store, uniq_duvessa
D:5:      layout_basic, portal_sewer_entry_f, serial_glass, glass_columns_b,
          glass_columns_a, glass_columns_a, glass_columns_c, glass_columns_c,
          glass_columns_b, glass_columns_b, glass_columns_c, glass_columns_b,
          glass_columns_c, glass_columns_a, glass_columns_a, glass_columns_a,
          glass_columns_a, nicolae_shop_firing_range
D:6:      layout_cave_pools, nzn_wu_jian_council_hall,
          minmay_temple_entry_slanted
D:7:      layout_loops_ring, mainiacjoe_overflow_large_starburst,
          minmay_three_doors, uniq_maggie, uniq_pikel

Skill      XL: |  1  2  3  4  5  6  7  8  9 10 |
---------------+-------------------------------+-----
Short Blades   | 3 4 5 6 7 |  7.0
Fighting       | 3 4 5 6 7 |  7.0
Armour         | 2 3 4 5 6 |  6.0
Dodging        | 2 3 4 5 |  5.3
Shields        | 2 |  2.8

Action                     |  1- 3 |  4- 6 |  7- 9 | 10-12 || total
---------------------------+-------+-------+-------+-------++-------
  Melee: Short sword       |    61 |       |       |       ||    61
         Bite              |    21 |    38 |   157 |    31 ||   247
         Dagger            |    20 |   153 |   478 |    53 ||   704
         Punch             |       |     2 |     5 |       ||     7
 Invoke: Berserk           |       |     3 |     3 |     2 ||     8
         Trog's Hand       |       |     1 |     1 |       ||     2
    Use: Scroll            |       |       |    10 |       ||    10
   Stab: Sleeping          |     2 |     1 |     1 |       ||     4
 Armour: Animal skin       |    23 |    66 |   189 |       ||   278
         Chain mail        |       |       |    46 |    27 ||    73
  Dodge: Dodged            |    39 |    87 |   252 |    16 ||   394
  Block: Kite shield       |       |       |    22 |     3 ||    25
